 Dungeon Crawl Stone Soup version 0.22-a0-417-g1387785 (webtiles) character file.

4538 Borgoz the Fighter (level 10, -9/98 HPs)
             Began as a Deep Dwarf Berserker on May 14, 2018.
             Was a Priest of Trog.
             Mangled by a two-headed ogre
             ... wielding a +0 giant club
              (15 damage)
             ... on level 9 of the Dungeon.
             The game lasted 00:15:16 (6369 turns).

Borgoz the Fighter (Deep Dwarf Berserker)           Turns: 6369, Time: 00:15:16

Health: -9/98      AC: 17    Str: 20    XL:     10   Next: 17%
Magic:  14/14      EV: 11    Int:  9    God:    Trog [***...]
Gold:   559        SH:  0    Dex: 15    Spells: 9/9 levels left

rFire    . . .     SeeInvis .   D - +1 hand axe (elec)
rCold    . . .     Gourm    .   (no shield)
rNeg     . . .     Faith    .   y - +2 chain mail {MR+}
rPois    .         Spirit   .   H - +0 helmet
rElec    .         Reflect  .   w - scarf {repulsion}
rCorr    .         Harm     .   g - +0 pair of gloves
MR       +++++                  h - +0 pair of boots
Stlth    ..........             (no amulet)
HPRegen  1.00/turn              d - ring of protection from magic
MPRegen  0.14/turn              B - +1 ring of protection

@: about to teleport, berserk cooldown, non-regenerating, slowed, repel
missiles, very slow
A: damage resistance, heal wounds, sense surroundings 2, no regeneration
a: Heal Wounds, Berserk, Trog's Hand, Renounce Religion


You were on level 9 of the Dungeon.
You worshipped Trog.
Trog was most pleased with you.
You were hungry.

You visited 2 branches of the dungeon, and saw 10 of its levels.

You collected 559 gold pieces.

Inventory:

Hand Weapons
 D - a +1 hand axe of electrocution (weapon)
 E - a +0 broad axe
Armour
 a - a +0 large shield
 g - a +0 pair of gloves (worn)
 h - a +0 pair of boots (worn)
 q - +0 ice dragon scales
 w - a scarf of repulsion (worn)
 y - a +2 chain mail of magic resistance (worn)
 H - a +0 helmet (worn)
Jewellery
 d - a ring of protection from magic (left hand)
 x - an uncursed ring of fire
 B - a +1 ring of protection (right hand)
Wands
 p - a wand of clouds (6)
 u - a wand of acid (14)
 C - a wand of paralysis (21)
 F - a wand of random effects (8)
 J - a wand of disintegration (15)
Scrolls
 f - 3 scrolls of remove curse
 i - 8 scrolls of teleportation
 j - 4 scrolls of fog
 n - a scroll of random uselessness {unknown}
 r - a scroll of immolation {unknown}
 s - a scroll of enchant weapon {unknown}
 t - 3 scrolls of magic mapping {unknown}
 A - 3 scrolls of identify
 K - a scroll of enchant armour {unknown}
Potions
 b - 3 potions of lignification {unknown}
 e - a potion of might {unknown}
 k - 2 potions of resistance {unknown}
 l - 2 potions of heal wounds
 m - 3 potions of flight
 o - a potion of mutation {unknown}
 v - 6 potions of curing
 z - a potion of haste {unknown}
 G - a potion of agility
 I - a potion of brilliance {unknown}
Comestibles
 c - 19 rations
 L - a chunk of flesh


   Skills:
 * Level 8.7 Fighting
 + Level 7.5 Axes
 + Level 7.2 Armour
 + Level 7.1 Dodging
 + Level 6.4 Evocations


You had 9 spell levels left.
You didn't know any spells.
Your spell library was empty.

Dungeon Overview and Level Annotations

Branches:
Dungeon (9/15)             Temple (1/1) D:7            Lair (0/6) D:8
    Orc: D:9-12

Altars:
Ashenzari
Cheibriados
Dithmenos
Elyvilon
Fedhas
Gozag
Hepliaklqana
Makhleb
Nemelex Xobeh
Okawaru
Qazlal
Ru
Sif Muna
Trog
Uskayaw
Vehumet
Wu Jian
Xom
Yredelemnul
Zin
The Shining One


Innate Abilities, Weirdness & Mutations

You are resistant to damage.
You can heal yourself by infusing magical energy.
You passively map the area around you.
You do not regenerate.


Message History

The two-headed ogre hits you with a giant club!!
The two-headed ogre hits you but does no damage.
The orc priest hits you but does no damage.
The orc hits you but does no damage.
The orc priest invokes the aid of Beogh against you.
Beogh smites you!
* * * LOW HITPOINT WARNING * * *
Okay, then.
As you read the scroll of teleportation, it crumbles to dust.
You feel strangely unstable.
The two-headed ogre hits you with a giant club!
* * * LOW HITPOINT WARNING * * *
The two-headed ogre hits you with a giant club!
* * * LOW HITPOINT WARNING * * *
The orc wizard hits you but does no damage.
The orc misses you.
The orc priest calls upon Beogh to heal the orc.
The orc's wounds heal themselves!
The orc wizard hits you with a dagger.
The two-headed ogre hits you with a giant club!
You die...

####..... ...... , ,
, *
.......###.......,,,
, ................o,
, , ,
................, ,,,
, , ...............
,, , , ..........#* *
* * , , #.....o.#, ,,
, , ,,...., #.%ooo.#*
, ,..... #...@O.# , ,
..... #......# , , *,
, ....#####......##
*** , **
#....................
, *
#....................
,
#.............####...
,, #)....######### ..
, #.....# * #.....# *
*


You could see a two-headed ogre, an orc warrior (wandering), an orc priest, an
orc wizard and 2 orcs.

Vanquished Creatures
  A centaur warrior (D:9)
  A two-headed ogre (D:9)
  A spriggan (D:7)
  Sigmund (D:6)
  A yak (D:9)
  A wyvern (D:9)
  3 sky beasts
  2 orc warriors
  3 ogres
  4 bullfrogs
  2 scorpions (D:4)
  3 killer bees (D:8)
  A howler monkey (D:4)
  6 electric eels (D:6)
  4 crimson imps
  2 bullfrog zombies
  2 hounds
  2 jellies
  2 orc priests
  2 bullfrog skeletons
  6 orc wizards
  A centaur skeleton (D:7)
  4 iguanas
  5 worker ants
  A howler monkey zombie (D:8)
  A worker ant zombie (D:4)
  14 adders
  2 shadow imps
  An ooze (D:2)
  A worm (D:2)
  2 dart slugs
  5 leopard geckos
  23 orcs
  7 bats
  4 giant cockroaches
  7 goblins
  6 hobgoblins
  30 jackals
  3 kobolds
  5 quokkas
  A ball python (D:1)
  A frilled lizard (D:4)
  A leopard gecko skeleton (D:8)
  5 rats (D:2)
  A plant (D:6)
181 creatures vanquished.

Vanquished Creatures (others)
  2 two-headed ogres (D:9)
  A centaur (D:9)
  A bullfrog (D:9)
  A worker ant (D:9)
  A shadow imp (D:9)
  A plant (D:6)
7 creatures vanquished.

Grand Total: 188 creatures vanquished

Notes
Turn   | Place    | Note
-------+----------+-------------------------------------------
     0 | D:1      | Borgoz the Deep Dwarf Berserker began the quest for the Orb.
     0 | D:1      | Reached XP level 1. HP: 20/20 MP: 1/1
   128 | D:1      | Reached XP level 2. HP: 20/27 MP: 2/2
   281 | D:1      | Reached skill level 3 in Fighting
   873 | D:2      | Reached XP level 3. HP: 20/34 MP: 3/3
  1038 | D:2      | Reached ** piety under Trog
  1220 | D:2      | Reached XP level 4. HP: 35/42 MP: 4/4
  1956 | D:4      | Reached XP level 5. HP: 41/50 MP: 5/5
  2003 | D:4      | Reached skill level 4 in Fighting
  2107 | D:4      | Reached XP level 6. HP: 44/58 MP: 6/6
  2354 | D:4      | Found a snail-covered altar of Cheibriados.
  2728 | D:5      | Entered Level 5 of the Dungeon
  2728 | D:5      | Noticed a sky beast
  2747 | D:5      | Killed a sky beast
  2747 | D:5      | Reached skill level 5 in Fighting
  2788 | D:5      | Reached XP level 7. HP: 40/67 MP: 7/7
  2827 | D:5      | Reached skill level 5 in Axes
  3393 | D:6      | Reached skill level 1 in Evocations
  3700 | D:6      | Reached skill level 6 in Fighting
  3700 | D:6      | Reached XP level 8. HP: 72/76 MP: 9/9
  3721 | D:6      | Found a hazy altar of Hepliaklqana.
  4025 | D:6      | Noticed Sigmund
  4027 | D:6      | Found a sparkling altar of Nemelex Xobeh.
  4029 | D:6      | Killed Sigmund
  4029 | D:6      | Reached skill level 5 in Armour
  4029 | D:6      | Reached skill level 5 in Dodging
  4035 | D:6      | Reached *** piety under Trog
  4044 | D:6      | Found a white marble altar of Elyvilon.
  4213 | D:6      | Found a shadowy altar of Dithmenos.
  4895 | D:7      | Reached skill level 7 in Fighting
  4999 | D:7      | Found a staircase to the Ecumenical Temple.
  5050 | Temple   | Entered the Ecumenical Temple
  5218 | D:7      | Gained mutation: You passively map the area around you. [Deep Dwarf growth]
  5218 | D:7      | Reached XP level 9. HP: 86/86 MP: 12/12
  5944 | D:8      | Found an opulent altar of Gozag.
  5985 | D:8      | Found a sparkling altar of Nemelex Xobeh.
  6014 | D:8      | Found a staircase to the Lair.
  6193 | D:8      | Reached skill level 5 in Evocations
  6236 | D:9      | Killed a two-headed ogre
  6253 | D:9      | Noticed a two-headed ogre
  6254 | D:9      | Noticed a centaur warrior
  6258 | D:9      | Killed a two-headed ogre
  6268 | D:9      | Noticed a two-headed ogre
  6268 | D:9      | Killed a two-headed ogre
  6268 | D:9      | Reached skill level 8 in Fighting
  6268 | D:9      | Killed a centaur warrior
  6268 | D:9      | Reached XP level 10. HP: 92/98 MP: 12/14
  6369 | D:9      | Mangled by a two-headed ogre

Vault maps used:
D:1:      minmay_arrival_loop, minmay_misc_feat_chi
D:2:      first_ration, kennysheep_generic_room_5
D:4:      cheibriados_altar_1
D:6:      cheibrodos_two_vegetables, nicolae_overflow_hidden_temple,
          grunt_temple_overflow_open, lemuel_coloured_pillars_altar,
          minmay_misc_feat_secret_circle, uniq_sigmund
D:7:      minmay_temple_entry_junction, the_bakery
D:8:      nicolae_overflow_crystal_walls, lair_entry_dummy, basic_altar
D:9:      hangedman_cross_stitches, kennysheep_little_box, xom_confusion_cloud
Temple:   regret_index_temple_waves

Skill      XL: |  1  2  3  4  5  6  7  8  9 |
---------------+----------------------------+-----
Fighting       | 3 4 5 6 7 8 |  8.7
Armour         | 3 4 5 7 |  7.2
Dodging        | 3 4 5 7 |  7.1
Axes           | 4 5 6 7 |  7.5
Evocations     | 2 4 6 |  6.4

Action                   |  1- 3 |  4- 6 |  7- 9 | 10-12 || total
-------------------------+-------+-------+-------+-------++-------
Melee: Hand axe          |    94 |   197 |   394 |    30 ||   715
       War axe           |       |       |    69 |       ||    69
Invok: Trog's Hand       |     1 |     3 |    15 |     5 ||    24
       Berserk           |       |     2 |     8 |     1 ||    11
 Abil: Heal Wounds       |       |       |     2 |       ||     2
  Use: Scroll            |     2 |       |     4 |     2 ||     8
       Potion            |       |       |     2 |       ||     2
 Stab: Sleeping          |     2 |       |       |       ||     2
  Eat: Chunk             |     2 |     6 |    24 |     1 ||    33
       Ration            |       |       |       |     1 ||     1
Armor: Animal skin       |    27 |       |       |       ||    27
       Ice dragon scales |     1 |   108 |    99 |       ||   208
       Chain mail        |       |       |   155 |    29 ||   184
Dodge: Dodged            |    67 |   116 |   251 |    29 ||   463
       Deflected         |       |       |     3 |       ||     3

Table legend:
 A = Spawn XP
 B = Non-spawn XP
 C = Spawn XP percentage of total XP
 D = Spawn monster count
 E = Non-spawn monster count
 F = Spawn count percentage of total count
 G = Total turns spent on level
                    A         B        C        D         E        F      G
               +---------+---------+-------+---------+---------+-------+---------
         Total |       0 |    6483 |   0.0 |       0 |     180 |   0.0 |  6369
               +---------+---------+-------+---------+---------+-------+---------
           D:1 |       0 |      27 |   0.0 |       0 |      13 |   0.0 |   839
           D:2 |       0 |      89 |   0.0 |       0 |      22 |   0.0 |   660
           D:3 |       0 |      22 |   0.0 |       0 |      11 |   0.0 |   376
           D:4 |       0 |     412 |   0.0 |       0 |      17 |   0.0 |   853
           D:5 |       0 |     494 |   0.0 |       0 |      17 |   0.0 |   652
           D:6 |       0 |    1321 |   0.0 |       0 |      38 |   0.0 |  1353
           D:7 |       0 |     537 |   0.0 |       0 |      13 |   0.0 |   690
           D:8 |       0 |     885 |   0.0 |       0 |      33 |   0.0 |   697
           D:9 |       0 |    2696 |   0.0 |       0 |      16 |   0.0 |   143
               +---------+---------+-------+---------+---------+-------+---------
